Map: Ascension to Aiur LE

Players

Lillekanin - Winner!

  • Race: Terran Terran
  • Spawn Location: 5:00

SolO

  • Race: Zerg Zerg
  • Spawn Location: 11:00

Event: WCS Jonkoping 2017

VOD

Have the link to the VOD?

Description

Time

  • Played on: June 17, 2017, 12:02 p.m.
  • Length: 33:51

All games in this series

Show
View Real Time Build Order
Export as new Build Order

Lillekanin Terran - Winner!

Build Orders: Reaper Expand, Hellion Banshee, Mech 

Get SALT Encoding   

  12  0:01  SCV  
  13  0:13  SCV  
  14  0:17  Supply Depot  
  14  0:25  SCV  
  15  0:30  Refinery  
  15  0:39  SCV  
  16  0:45  Barracks  
  16  0:51  SCV  
  17  1:03  SCV  
  18  1:15  SCV  
  19  1:32  Reaper  
  21  1:33  Orbital Command  
  20  1:44  Command Center  
  20  1:56  Factory  
  20  2:00  SCV  
  21  2:07  Barracks Reactor  
  21  2:11  Refinery  
  21  2:12  SCV  
  22  2:20  Supply Depot  
  22  2:24  SCV  
  23  2:42  SCV  
  23  2:43  Starport  
  24  2:48  Hellion  
  24  2:49  Hellion  
  28  2:53  Barracks Tech Lab  
  28  2:54  SCV  
  29  3:01  Orbital Command  
  29  3:07  SCV  
  32  3:12  Hellion  
  32  3:16  Hellion  
  34  3:23  SCV  
  35  3:28  SCV, Supply Depot  
  35  3:31  Cloaking Field  
  36  3:37  Medivac  
  36  3:40  SCV  
  39  3:44  SCV  
  40  3:51  Hellion  
  40  3:52  SCV  
  40  3:53  Hellion  
  45  3:56  SCV  
  46  4:04  SCV  
  46  4:06  Supply Depot  
  46  4:08  SCV  
  48  4:10  Banshee  
  48  4:17  SCV  
  52  4:24  Command Center  
  52  4:25  SCV  
  52  4:30  SCV  
  54  4:32  Supply Depot  
  54  4:43  Factory  
  54  4:44  Factory, SCV  
  54  4:45  SCV  
  56  4:49  Refinery  
  56  4:54  Banshee  
  56  4:56  SCV, Refinery  
  56  4:57  SCV  
  61  5:02  Hellion  
  61  5:04  Hellion  
  65  5:08  SCV  
  65  5:09  SCV  
  67  5:20  SCV  
  68  5:22  SCV, Armory  
  68  5:24  Armory  
  69  5:32  SCV  
  69  5:35  SCV  
  71  5:36  Factory Tech Lab  
  71  5:37  Factory Tech Lab  
  71  5:40  Orbital Command  
  71  5:41  Supply Depot  
  71  5:44  SCV  
  71  5:47  SCV  
  70  5:51  Hellion x2  
  70  5:55  Banshee  
  70  5:57  SCV  
  78  6:03  Siege Tank, Orbital Command  
  82  6:04  SCV  
  82  6:09  Siege Tank  
  85  6:12  Terran Vehicle Weapons Level 1  
  85  6:19  Terran Vehicle And Ship Armor Level 1  
  85  6:20  SCV  
  85  6:22  SCV  
  87  6:28  SCV  
  87  6:31  Factory  
  87  6:32  SCV  
  89  6:34  SCV  
  89  6:36  Hellion  
  88  6:42  Siege Tank  
  84  6:49  Hellion, Command Center  
  86  6:58  Infernal Pre-Igniter  
  86  7:01  Hellion, SCV x2, Factory  
  84  7:03  SCV  
  84  7:06  Refinery  
  87  7:13  Banshee  
  87  7:14  SCV x2  
  92  7:17  Factory Tech Lab  
  92  7:20  SCV  
  93  7:25  Supply Depot  
  93  7:26  Supply Depot  
  93  7:35  Supply Depot  
  93  7:36  Supply Depot  
  93  7:40  Engineering Bay  
  93  7:41  Refinery  
  93  7:44  Supply Depot  
  93  7:46  SCV x2, Supply Depot  
  93  7:47  Hellion x2, Siege Tank  
  102  7:51  Factory Tech Lab  
  102  7:54  Thor  
  102  7:55  Hellion  
  102  7:56  Raven  
  108  8:02  Supply Depot  
  108  8:06  Missile Turret  
  108  8:08  Hellion x2  
  108  8:09  Missile Turret  
  108  8:10  Missile Turret  
  108  8:11  Siege Tank  
  115  8:17  Hellion  
  118  8:20  Siege Tank  
  116  8:29  Hellion x2  
  118  8:34  SCV  
  118  8:37  Hellion  
  118  8:38  Hellion  
  118  8:39  Starport  
  118  8:40  Starport  
  123  8:42  Planetary Fortress  
  123  8:44  Siege Tank  
  126  8:51  Hellion x2  
  126  8:52  Hellion, SCV x3  
  135  8:56  Refinery  
  135  8:57  Terran Vehicle Weapons Level 2  
  135  8:59  Hellion  
  135  9:00  Hellion  
  135  9:01  Missile Turret  
  139  9:04  SCV, Refinery  
  139  9:05  Terran Vehicle And Ship Armor Level 2  
  139  9:06  SCV  
  139  9:12  Hellion  
  139  9:13  Siege Tank, Hellion  
  146  9:22  Siege Tank, Hellion  
  146  9:23  Hellion  
  153  9:34  Hellion  
  153  9:35  Hellion  
  153  9:43  Thor  
  153  9:45  Thor  
  158  9:54  Viking  
  158  9:55  Viking x2  
  158  9:58  SCV x2  
  164  10:02  Missile Turret  
  164  10:03  Missile Turret x3  
  164  10:04  Missile Turret  
  164  10:06  Supply Depot x2  
  164  10:07  Supply Depot  
  164  10:15  Missile Turret  
  164  10:26  Starport Tech Lab x2  
  164  10:27  Siege Tank, Thor, SCV x4, Raven  
  179  10:29  Hellion  
  179  10:32  Hellion  
  183  10:36  Corvid Reactor  
  183  10:39  Hellion, SCV  
  183  10:42  SCV x2  
  186  10:51  Hellion  
  186  10:55  Command Center  
  188  11:17  Siege Tank  
  180  11:19  Hellion  
  180  11:21  Siege Tank  
  180  11:22  Hellion x2  
  180  11:24  Hellion  
  125  11:40  Siege Tank  
  125  11:43  Hellion x2  
  125  11:45  Siege Tank  
  127  11:49  Siege Tank  
  127  11:54  Hellion  
  120  11:58  Command Center  
  120  11:59  SCV x2  
  120  12:01  Raven  
  120  12:05  Hellion x2  
  126  12:09  Raven x2  
  126  12:13  Siege Tank  
  126  12:15  Siege Tank  
  136  12:17  Hellion  
  136  12:21  Hellion  
  140  12:26  Supply Depot  
  117  12:38  Siege Tank  
  117  12:41  SCV  
  117  12:42  Siege Tank  
  124  12:44  Command Center  
  124  12:45  Hellion x3  
  124  12:49  Raven  
  124  12:50  Siege Tank  
  135  13:04  Missile Turret  
  131  13:07  Hellion x3  
  131  13:08  Viking x2  
  131  13:10  Siege Tank  
  144  13:17  Sensor Tower  
  144  13:22  Widow Mine  
  144  13:24  Missile Turret  
  146  13:32  Raven  
  148  13:38  Missile Turret, Viking  
  150  13:46  Hellion, Missile Turret  
  152  13:53  Terran Vehicle Weapons Level 3  
  146  14:02  Planetary Fortress  
  146  14:11  Refinery x2  
  146  14:16  Sensor Tower  
  146  14:17  Missile Turret, Raven  
  146  14:18  Missile Turret, Raven  
  130  14:42  Command Center  
  130  14:44  Banshee  
  133  14:56  Siege Tank  
  133  14:57  Hellion x2  
  133  14:59  Missile Turret  
  140  15:00  Viking  
  140  15:04  Hellion x2  
  146  15:10  Missile Turret x2, Raven  
  146  15:11  Siege Tank  
  151  15:18  Hellion  
  149  15:25  Hyperflight Rotors  
  149  15:27  Banshee  
  150  15:31  Siege Tank  
  153  15:35  Siege Tank  
  156  15:45  Siege Tank  
  156  15:47  Hellion x3  
  165  16:03  Hellion  
  167  16:08  Siege Tank x2, Hellion  
  163  16:32  Siege Tank, Hellion x2  
  151  16:34  SCV  
  151  16:38  Siege Tank  
  132  16:40  Hellion, SCV, Refinery  
  132  16:41  Hellion  
  137  16:48  Banshee  
  137  16:54  Hellion x2  
  144  16:59  Planetary Fortress  
  147  17:01  Siege Tank  
  147  17:02  Hellion  
  147  17:04  Siege Tank  
  147  17:08  SCV x2  
  154  17:10  Terran Vehicle And Ship Armor Level 3  
  154  17:12  SCV  
  155  17:20  Refinery  
  155  17:21  Refinery  
  152  17:26  SCV  
  152  17:27  Sensor Tower  
  153  17:30  Missile Turret  
  153  17:31  Siege Tank  
  153  17:36  Missile Turret  
  156  17:37  Raven  
  158  17:48  Command Center  
  158  17:49  Viking  
  160  17:52  Banshee  
  160  17:55  Hellion  
  165  18:04  Hellion x2  
  165  18:19  Hellion, Raven  
  167  18:20  Hellion x2  
  167  18:22  Missile Turret  
  167  18:23  Terran Ship Weapons Level 1  
  167  18:27  Siege Tank  
  170  18:36  Siege Tank, Hellion, Missile Turret  
  170  18:38  Missile Turret  
  160  18:49  Siege Tank  
  160  18:52  Banshee  
  164  19:02  Sensor Tower  
  164  19:03  Hellion x3, Missile Turret  
  164  19:06  Hellion, Missile Turret  
  164  19:08  Hellion  
  174  19:10  Command Center  
  174  19:20  Banshee  
  174  19:21  Banshee  
  174  19:22  Hellion  
  182  19:24  Hellion  
  182  19:26  Hellion  
  184  19:42  Hellion x2  
  183  19:46  Hellion  
  183  19:47  Hellion  
  187  19:59  Raven  
  189  20:01  Hellion  
  189  20:03  Raven x2  
  193  20:15  Hellion x2  
  193  20:17  Terran Ship Weapons Level 2  
  193  20:19  Missile Turret  
  197  20:29  Missile Turret  
  197  20:39  Refinery  
  197  20:40  Missile Turret  
  197  20:41  Missile Turret  
  197  20:42  Refinery  
  197  20:43  Missile Turret  
  197  20:44  Raven  
  191  20:51  Raven  
  193  20:58  Hellion x2  
  193  20:59  Hellion  
  199  21:17  Planetary Fortress  
  199  21:19  Missile Turret  
  199  21:26  Building Armor  
  195  21:33  Banshee  
  197  21:42  Planetary Fortress  
  197  21:46  Missile Turret  
  197  21:47  Missile Turret  
  197  21:53  Thor  
  197  22:05  Banshee x2  
  200  22:20  Refinery  
  198  22:22  Refinery  
  196  22:30  Missile Turret  
  196  22:31  Missile Turret  
  196  22:35  Terran Ship Weapons Level 3  
  196  22:36  Missile Turret  
  196  22:39  Fusion Core, Missile Turret  
  196  22:40  Starport  
  196  22:47  Recalibrated Explosives  
  196  22:49  Command Center  
  196  22:50  Command Center  
  196  23:01  Banshee  
  196  23:02  Banshee  
  197  23:06  Hi-Sec Auto Tracking  
  197  23:11  Hellion  
  189  23:28  Thor  
  189  23:29  Thor  
  196  23:39  Starport Tech Lab  
  196  23:42  Liberator x2  
  193  23:49  Raven  
  195  23:59  Advanced Ballistics  
  198  24:05  Orbital Command  
  198  24:06  Orbital Command  
  198  24:08  Command Center  
  197  24:24  Thor x2  
  197  24:25  Thor  
  194  24:42  Thor  
  200  24:59  Command Center  
  197  25:45  Orbital Command  
  197  25:56  Command Center  
  197  26:00  Raven  
  199  26:29  Missile Turret  
  199  26:30  Missile Turret x2  
  199  26:31  Missile Turret  
  196  26:49  Refinery  
  196  26:50  Refinery  
  196  26:55  Command Center  
  196  26:59  Raven x2  
  200  27:14  Missile Turret  
  197  27:16  Missile Turret  
  197  27:30  Raven  
  197  27:35  Thor  
  193  27:57  Sensor Tower  
  193  27:58  Missile Turret  
  193  27:59  Missile Turret  
  193  28:03  Raven x2  
  197  28:07  Planetary Fortress  
  183  28:30  Raven x2  
  183  28:31  Thor x2  
  193  28:46  Raven  
  195  28:53  Viking  
  197  28:56  Siege Tank  
  198  29:13  Viking  
  193  29:30  Raven x2  
  184  29:46  Viking  
  186  30:02  Thor x2  
  187  30:09  Hellion x4  
  183  30:21  Viking x2  
  183  30:22  Viking x2  
  191  30:30  Hellion x2  
  195  30:37  Hellion x2  
  195  30:41  Planetary Fortress  
  196  30:53  Missile Turret  
  196  30:56  Missile Turret x2  
  196  30:57  Missile Turret  
  196  31:03  Refinery  
  196  31:31  Raven  
  196  31:32  Raven  
  195  32:46  Raven  
  195  32:47  Raven  
  190  32:51  Raven  
  190  32:52  Raven  
Show
View Real Time Build Order
Export as new Build Order

SolO Zerg 

Build Orders: Hatch First 

Get SALT Encoding   

  12  0:00  Drone  
  13  0:12  Overlord  
  13  0:16  Drone  
  14  0:30  Drone x2  
  14  0:34  Drone  
  17  0:52  Hatchery  
  17  0:55  Drone  
  17  0:58  Drone  
  18  1:09  Extractor  
  17  1:13  Spawning Pool  
  17  1:16  Drone  
  17  1:19  Drone  
  18  1:29  Drone  
  19  1:39  Overlord  
  19  2:00  Queen, Zergling x4  
  23  2:03  Queen  
  23  2:04  Drone  
  23  2:08  Metabolic Boost  
  26  2:11  Drone  
  26  2:15  Drone  
  28  2:26  Drone x2  
  30  2:37  Spore Crawler  
  30  2:40  Queen  
  30  2:42  Overlord  
  30  2:43  Drone  
  30  2:44  Drone  
  34  2:50  Drone  
  35  3:00  Drone  
  36  3:10  Drone x4  
  36  3:11  Overlord  
  36  3:12  Zergling x8  
  44  3:28  Queen, Hatchery  
  44  3:32  Drone x4  
  49  3:40  Drone x3  
  52  3:49  Overlord x2  
  52  3:59  Roach Warren, Drone  
  52  4:00  Drone  
  51  4:04  Overlord  
  51  4:06  Queen  
  51  4:09  Zergling x6  
  56  4:14  Zergling x6  
  59  4:19  Drone x2  
  61  4:27  Evolution Chamber  
  61  4:29  Drone x2  
  61  4:30  Evolution Chamber  
  61  4:33  Lair  
  61  4:34  Extractor  
  61  4:37  Drone x3  
  63  4:40  Extractor, Drone  
  63  4:44  Queen  
  65  4:45  Queen  
  65  4:52  Drone x2  
  69  4:54  Drone  
  69  4:56  Spore Crawler  
  69  4:57  Spore Crawler  
  68  5:03  Drone x2  
  68  5:04  Extractor, Drone  
  70  5:10  Zerg Ground Armor Level 1, Zerg Missile Weapons Level 1  
  69  5:20  Drone x6  
  75  5:22  Spore Crawler  
  75  5:26  Queen  
  76  5:32  Overseer, Glial Reconstitution  
  76  5:38  Drone x3  
  76  5:39  Drone  
  74  5:50  Drone  
  74  5:51  Drone x6  
  74  5:56  Overlord  
  74  5:57  Overlord  
  81  6:02  Overlord x2  
  81  6:08  Overlord  
  81  6:20  Overlord  
  81  6:21  Roach  
  81  6:22  Roach x6  
  95  6:27  Roach  
  95  6:28  Roach x3  
  97  6:44  Queen  
  97  6:45  Drone x3  
  102  6:48  Roach  
  102  6:50  Drone  
  102  6:51  Hydralisk Den  
  102  6:58  Drone x3  
  102  7:00  Drone x6  
  110  7:03  Extractor x2  
  110  7:05  Zerg Missile Weapons Level 2, Zerg Ground Armor Level 2  
  108  7:11  Pneumatized Carapace  
  108  7:16  Drone x3  
  108  7:20  Overlord x2  
  108  7:21  Muscular Augments  
  111  7:25  Infestation Pit  
  111  7:27  Drone x2  
  111  7:49  Spore Crawler  
  111  7:50  Hydralisk  
  111  7:51  Hydralisk x6  
  112  7:57  Hatchery  
  123  8:03  Hive, Hydralisk x3  
  129  8:09  Overseer  
  129  8:11  Hydralisk  
  129  8:12  Hydralisk x2  
  135  8:19  Hydralisk x3  
  137  8:26  Drone x3  
  132  8:28  Drone x2  
  132  8:29  Drone  
  132  8:30  Roach  
  137  8:37  Drone  
  137  8:38  Hydralisk x2  
  142  8:43  Overlord x2  
  142  8:52  Hydralisk x2  
  142  8:55  Overlord  
  146  9:02  Drone x8  
  154  9:08  Overlord  
  153  9:11  Drone  
  153  9:12  Drone x4  
  157  9:18  Overlord  
  157  9:19  Viper, Overlord  
  157  9:20  Viper  
  157  9:21  Viper  
  157  9:24  Viper  
  166  9:28  Roach  
  166  9:29  Roach  
  171  9:33  Drone  
  171  9:34  Drone x4  
  169  9:45  Drone x4  
  169  9:48  Drone x3  
  167  10:02  Hydralisk  
  167  10:03  Hydralisk x6  
  181  10:13  Hydralisk  
  183  10:14  Hydralisk x4  
  183  10:20  Hydralisk x2  
  183  10:21  Hydralisk  
  195  10:26  Spore Crawler  
  195  10:27  Spine Crawler  
  195  10:38  Zerg Missile Weapons Level 3  
  195  10:41  Roach  
  195  10:42  Roach  
  199  10:54  Spire  
  198  11:08  Extractor  
  162  11:27  Hydralisk, Roach x6  
  162  11:28  Hydralisk x3, Roach x5  
  166  11:37  Drone x3  
  166  11:38  Drone  
  166  11:39  Hydralisk x5  
  164  11:43  Roach x4  
  170  11:51  Roach x9  
  170  11:53  Drone  
  171  11:54  Drone  
  171  11:59  Viper  
  175  12:03  Overseer  
  173  12:10  Hydralisk x3  
  179  12:18  Roach x5  
  141  12:37  Hydralisk x6  
  148  12:44  Drone x4  
  148  12:45  Extractor  
  150  12:52  Viper  
  150  12:55  Hydralisk  
  155  13:00  Roach x2  
  155  13:02  Roach  
  155  13:03  Hatchery  
  160  13:08  Viper, Drone x2  
  165  13:13  Roach  
  167  13:21  Hydralisk x3  
  167  13:25  Overlord  
  173  13:30  Roach x2  
  177  13:34  Drone  
  177  13:35  Drone x3  
  180  13:57  Hydralisk x7  
  194  14:04  Zerg Ground Armor Level 3  
  194  14:08  Overseer, Zerg Melee Weapons Level 1  
  183  14:36  Roach  
  183  14:37  Viper, Roach x8  
  183  14:38  Viper x2  
  194  14:43  Spore Crawler, Drone x3  
  194  14:44  Spine Crawler  
  198  14:47  Burrow  
  196  15:00  Tunneling Claws  
  196  15:03  Greater Spire  
  194  15:19  Drone x2  
  194  15:20  Drone  
  189  15:32  Hydralisk x3  
  195  15:41  Overseer x2  
  195  15:51  Hydralisk x2  
  194  16:15  Drone x3  
  194  16:16  Drone  
  81  16:40  Hydralisk  
  81  16:41  Hydralisk x17  
  81  16:42  Viper x2  
  81  16:43  Viper  
  81  16:45  Drone x2  
  81  16:46  Drone x3  
  119  16:49  Roach  
  119  16:50  Roach x3  
  119  16:53  Drone x3  
  130  16:57  Overseer x2  
  130  17:08  Hydralisk x4  
  138  17:21  Roach  
  138  17:22  Roach  
  142  17:28  Extractor, Drone x4  
  142  17:29  Extractor  
  142  17:31  Hatchery, Roach  
  143  17:38  Hydralisk  
  143  17:39  Hydralisk x2  
  149  17:49  Ravager x2  
  151  17:54  Ravager  
  151  17:55  Overlord  
  151  18:12  Zerg Melee Weapons Level 2  
  144  18:27  Spore Crawler, Overseer  
  143  18:32  Roach x4  
  143  18:33  Roach x2  
  136  18:56  Viper  
  136  18:59  Drone x4  
  136  19:00  Drone x2  
  145  19:03  Drone x2  
  145  19:08  Hydralisk x3  
  153  19:20  Drone  
  153  19:21  Extractor x2, Drone x8  
  160  19:37  Hatchery  
  151  19:38  Drone  
  151  19:39  Drone x6  
  151  19:40  Drone  
  151  19:41  Drone x2  
  160  19:45  Drone x3  
  160  19:46  Drone x3  
  165  19:56  Overlord x4  
  165  19:58  Zerg Flyer Weapons Level 1  
  162  20:17  Corruptor  
  162  20:18  Corruptor x6  
  176  20:22  Spore Crawler, Spine Crawler x2  
  176  20:25  Spore Crawler  
  176  20:28  Hydralisk x3  
  178  20:54  Zerg Melee Weapons Level 3  
  178  20:58  Extractor, Drone x3  
  178  20:59  Extractor, Drone  
  178  21:02  Drone x4  
  178  21:03  Drone x2  
  186  21:17  Roach, Brood Lord x2  
  190  21:22  Drone x3  
  190  21:25  Brood Lord  
  195  21:28  Drone x3  
  198  21:39  Hatchery  
  191  21:43  Brood Lord x3  
  197  21:52  Overlord  
  195  21:56  Brood Lord  
  195  22:00  Pathogen Glands  
  193  22:19  Drone  
  193  22:20  Drone x5  
  192  22:27  Infestor  
  192  22:28  Infestor x3  
  200  22:47  Spine Crawler  
  200  22:49  Spine Crawler  
  198  22:52  Spine Crawler  
  198  22:55  Zerg Flyer Weapons Level 2  
  195  23:12  Drone  
  194  23:13  Drone x4  
  192  23:30  Corruptor x6  
  200  23:43  Ultralisk Cavern  
  200  23:47  Drone  
  200  23:48  Drone  
  200  23:53  Spore Crawler  
  199  23:55  Overseer x2  
  199  23:56  Extractor  
  199  23:59  Spore Crawler, Extractor  
  196  24:06  Drone  
  196  24:07  Drone x2  
  198  24:21  Spore Crawler  
  189  24:36  Corruptor x4  
  195  24:44  Chitinous Plating  
  195  24:47  Drone x4  
  199  25:01  Spore Crawler x2  
  199  25:02  Spore Crawler x2  
  199  25:03  Drone x4  
  199  25:04  Spore Crawler x2  
  199  25:05  Spore Crawler x2  
  199  25:06  Spore Crawler x2  
  193  25:07  Spore Crawler  
  193  25:10  Spore Crawler  
  193  25:11  Zerg Flyer Armor Level 1  
  191  25:26  Hydralisk x4  
  199  26:00  Spore Crawler  
  196  26:11  Drone  
  196  26:12  Drone x2  
  199  26:23  Overseer  
  197  26:33  Brood Lord  
  196  27:09  Zerg Flyer Weapons Level 3  
  194  27:39  Corruptor x3  
  194  28:55  Corruptor x4  
  179  29:12  Corruptor x2  
  179  29:13  Corruptor x2  
  185  29:19  Brood Lord  
  185  29:20  Brood Lord x5  
  185  29:21  Corruptor  
  199  29:30  Spire  
  198  29:32  Overlord  
  151  29:47  Ultralisk x6  
  151  29:48  Ultralisk x2  
  190  29:53  Viper x3  
  199  30:00  Overlord  
  195  30:09  Infestor  
  192  30:25  Ultralisk  
  198  31:02  Drone x2  
  200  31:41  Greater Spire  
  200  31:49  Spore Crawler  
  199  32:12  Spore Crawler  
  199  32:13  Spore Crawler, Hatchery  
  199  32:14  Overlord  
  199  32:15  Spore Crawler, Overlord x2  
  196  32:16  Spore Crawler  
  172  32:24  Overlord x2  
  172  32:25  Infestor x2  
  172  32:28  Overlord  
  176  32:36  Corruptor x2  
  176  32:37  Corruptor x3  
  167  32:54  Brood Lord x8  
  167  32:55  Brood Lord x2  
  167  32:56  Corruptor x3  
  167  32:57  Corruptor x2  
  195  33:02  Viper  
Tags
 
Add a new tag
Caveats
  • Supply blocks, unpowered buildings, or Contaminate may cause inaccurate times.
  • Supply counts are checked every 10 seconds.